 Dungeon Crawl Stone Soup version 0.20.0-8-g6b59dc7 (webtiles) character file.

86 Hasart the Ducker (level 4, 0/32 HPs)
             Began as an Octopode Fighter on May 30, 2017.
             Succumbed to an orc priest's poison
             ... on level 3 of the Dungeon.
             The game lasted 00:02:49 (1342 turns).

Hasart the Ducker (Octopode Fighter)                Turns: 1342, Time: 00:02:49

Health: 0/32       AC:  1    Str: 15    XL:     4   Next: 50%
Magic:  4/4        EV: 12    Int: 10    God:
Gold:   57         SH:  9    Dex: 12    Spells: 3/3 levels left

rFire    . . .     SeeInvis .   a - +0 trident
rCold    . . .     Gourm    .   b - +0 shield
rNeg     . . .     Faith    .   (helmet restricted)
rPois    .         Spirit   .   (no amulet)
rElec    .         Reflect  .   j - ring of resist corrosion
rCorr    +         Harm     .   (no ring)
MR       .....                  (no ring)
Stlth    ++........             (no ring)
Regen    0.1/turn               (no ring)
MPRegen  0.1/turn               (no ring)
                                (no ring)
                                (no ring)

@: lethally poisoned (0 -> -9)
A: almost no armour, stealthy swim, amphibious, 8 rings, constrict 8, camouflage
1, gelatinous body 1
a: no special abilities


You were on level 3 of the Dungeon.
You were not hungry.

You visited 1 branch of the dungeon, and saw 3 of its levels.

You collected 57 gold pieces.

Inventory:

Hand Weapons
 a - a +0 trident (weapon)
Armour
 b - a +0 shield (worn)
Jewellery
 j - a ring of resist corrosion (left tentacle)
 k - a +3 amulet of reflection {unknown}
Scrolls
 h - a scroll of teleportation {unknown}
 i - 2 scrolls of identify {unknown}
 m - 3 scrolls of remove curse {unknown}
Potions
 c - 2 potions of might
 e - a potion of haste {unknown}
 l - a potion of degeneration {unknown}
 n - a potion of curing {unknown}
Comestibles
 d - 2 bread rations
 f - 3 meat rations
 g - 3 royal jellies
 o - a chunk of flesh


   Skills:
 + Level 3.6 Fighting
 * Level 2.8 Polearms
 + Level 3.8 Dodging
 - Level 0.4 Stealth
 + Level 3.4 Shields


You had 3 spell levels left.
You didn't know any spells.

Dungeon Overview and Level Annotations

Branches:
Dungeon (3/15)

Altars:


Innate Abilities, Weirdness & Mutations

You cannot wear most types of armour.
You are very stealthy in the water. (Stealth+)
You are amphibious.
You can wear up to eight rings at the same time.
You can use your tentacles to constrict eight enemies at once.
Your skin changes colour to match your surroundings (Stealth+).
Your rubbery body absorbs attacks. (AC +1, EV +1)


Message History

The orc barely misses you.
Unknown command.
You puncture the orc priest!
The orc priest is almost dead.
You constrict the orc priest, but do no damage.
You block the orc's attack. The orc barely misses you.
The orc priest hits you with a hand axe of venom.
You are poisoned.
Unknown command.
You hit the orc priest but do no damage.
You squeeze the orc priest.
You kill the orc priest!
You feel sick. You block the orc's attack.
The orc hits you with a dagger of electrocution!
You are electrocuted!
* * * LOW HITPOINT WARNING * * *
The orc hits you.
* * * LOW HITPOINT WARNING * * *
You hit the orc but do no damage. You grab the orc. You constrict the orc.
You die...

####
##...##
##..!..##
#.o.$...#
#o@.....#
#.o)....#
#.......##
#....r..$#
.........#
###......##
##.....#
.#..(##


You could see 3 orcs and a quokka.

Vanquished Creatures
  An orc priest (D:3)
  2 adders (D:2)
  A worm (D:2)
  A leopard gecko (D:1)
  7 bats
  A giant cockroach (D:1)
  3 hobgoblins
  4 jackals (D:1)
  4 frilled lizards
  5 goblins
  4 kobolds
  6 rats
39 creatures vanquished.

Notes
Turn   | Place    | Note
-------+----------+-------------------------------------------
     0 | D:1      | Hasart the Octopode Fighter began the quest for the Orb.
     0 | D:1      | Reached XP level 1. HP: 16/16 MP: 1/1
   124 | D:1      | Reached XP level 2. HP: 20/21 MP: 2/2
   444 | D:1      | Reached XP level 3. HP: 23/26 MP: 3/3
  1099 | D:2      | Reached XP level 4. HP: 19/31 MP: 4/4
  1341 | D:3      | HP: 1/32 [orc (3)]
  1342 | D:3      | Succumbed to an orc priest's poison

Action                   |  1- 3 |  4- 6 || total
-------------------------+-------+-------++-------
Melee: Trident           |    81 |     5 ||    86
       Constrict         |    22 |     2 ||    24
       Tentacles         |    11 |     1 ||    12
 Stab: Sleeping          |     5 |     1 ||     6
  Eat: Chunk             |       |     1 ||     1
Armor: Skin              |     5 |       ||     5
Dodge: Dodged            |    36 |     2 ||    38
Block: Shield            |    29 |     2 ||    31
